 Dungeon Crawl Stone Soup version 0.29.0-4-gdea44cf6ec (webtiles) character file.

Game seed: 16536898878055280739

231 qw the Chopper (level 6, -1/35 HPs)
             Began as a Tengu Warper on Aug 28, 2022.
             Slain by a gnoll
             ... wielding a +0 whip
              (4 damage)
             ... on level 4 of the Dungeon.
             The game lasted 00:00:23 (4498 turns).

qw the Chopper (Tengu Warper)                       Turns: 4498, Time: 00:00:24

Health: -1/35      AC:  8    Str: 13    XL:     6   Next: 3%
Magic:  10/10      EV:  7    Int: 13    God:
Gold:   185        SH:  0    Dex: 14    Spells: 9/9 levels left

rFire   . . .      SeeInvis .   Y - +1 hand axe
rCold   + . .      Faith    .   (no shield)
rNeg    . . .      Spirit   .   h - +0 chain mail
rPois   .          Reflect  .   (helmet restricted)
rElec   .          Harm     .   (no cloak)
rCorr   .          Rampage  .   (no gloves)
Will    .....                   (boots unavailable)
Stlth   ..........              (no amulet)
HPRegen 0.11/turn               d - ring of protection from cold
MPRegen 0.12/turn               (no ring)

@: flying quickly and evasively, quick
A: beak, talons 3, nimble flight
a: no special abilities


You were on level 4 of the Dungeon.
You visited 1 branch of the dungeon, and saw 4 of its levels.

You collected 185 gold pieces.


Innate Abilities, Weirdness & Mutations

You have a beak for a mouth.
You have claws for feet.
Your magical nature lets you fly swiftly and evasively.


   Skills:
 - Level 2.0 Fighting
 + Level 6.2 Axes
 - Level 1.0 Throwing
 - Level 2.5 Armour
 - Level 2.1 Dodging
 - Level 2.0 Spellcasting
 - Level 2.4 Translocations


You had 9 spell levels left.
You didn't know any spells.
Your spell library contained the following spells:

 Spells                   Type           Power      Damage    Failure   Level
 Blink                    Tloc           14%        N/A       99%         2
 Gell's Gravitas          Tloc           7%         N/A       100%        3
 Lesser Beckoning         Tloc           7%         N/A       100%        3
 Teleport Other           Tloc           7%         N/A       100%        3
 Manifold Assault         Tloc           7%         N/A       100%        5

Inventory:

Hand Weapons
 j - a +0 whip
 Y - a +1 hand axe (weapon)
Missiles
 e - a boomerang (quivered)
Armour
 f - a +1 ring mail of fire resistance
 h - a +0 chain mail (worn)
Jewellery
 d - a ring of protection from cold (left hand)
Scrolls
 i - 2 scrolls of identify
 m - 2 scrolls of enchant armour
Potions
 a - a potion of mutation {unknown}
 b - a potion of curing {unknown}
 c - 2 potions of flight {unknown}
 g - a potion of attraction {unknown}
 k - 2 potions of haste
 l - 2 potions of heal wounds {unknown}

Dungeon Overview and Level Annotations

Branches:
Dungeon (4/15)
 Temple: D:4-7

Altars:
Yredelemnul

Shops:
D:1 ?

Annotations:
D:3 3 runed translucent doors, qw's ghost, amateur TeWr
D:4 1 runed translucent door, 2 transporters, Crazy Yiuf; qw's ghost, amateur TeWr


Message History

You hit the gnoll. The gnoll barely misses you.
The gnoll hits you but does no damage.
The gnoll throws a stone.
The stone hits you but does no damage.
You closely miss the gnoll. Your kick misses the gnoll.
The gnoll is almost dead.
You closely miss the gnoll. The gnoll hits you with a +0 whip.
The gnoll hits you but does no damage.
The gnoll throws a stone.
The stone hits you but does no damage.
You hit the gnoll.
You kill the gnoll!
You barely miss the gnoll. You hit the gnoll. The gnoll barely misses you.
You have reached level 6!
You closely miss the gnoll.
The gnoll is lightly wounded.
You hit the gnoll but do no damage. The gnoll closely misses you.
The gnoll throws a stone.
The stone hits you. The gnoll hits you with a +0 whip.
You hit the gnoll but do no damage.
The gnoll is lightly wounded.
You closely miss the gnoll. The gnoll hits you with a +0 flail.
The gnoll closely misses you.
You barely miss the gnoll.
The gnoll is lightly wounded.
You barely miss the gnoll. The gnoll closely misses you.
The gnoll hits you with a +0 whip.
You closely miss the gnoll.
The gnoll is lightly wounded.
You hit the gnoll but do no damage. The gnoll hits you but does no damage.
The gnoll barely misses you.
You hit the gnoll. Your kick misses the gnoll.
The gnoll is moderately wounded.
You hit the gnoll. The gnoll barely misses you.
The gnoll hits you but does no damage.
You hit the gnoll but do no damage. You claw the gnoll. You peck the gnoll.
The gnoll is almost dead.
You hit the gnoll. The gnoll hits you with a +0 flail.
The gnoll throws a stone.
The stone hits you. The gnoll hits you with a +0 whip.
You die...

#.$...g......# ...##..
#............# .......
#............# ...##..
#.>)##.......# ...##..
#...##.......# .......
#...........<# .......
#......g.....# .......
#.....)......#########..
#...##.@g....##....###..
#...##g..)...#..........
#............#..........
#............#..........
#............##...######
#............##...### #
#...##.......#....'.# 7
#...##.......#....#.# 7
#............+....#.#


You could see 3 gnolls.

Vanquished Creatures
  A jelly (D:4)
  A hound (D:4)
  A gnoll (D:4)
  7 adders
  3 worms
  3 dart slugs
  4 orcs (D:3)
  11 endoplasms
  A giant cockroach (D:2)
  9 goblins
  4 hobgoblins
  3 quokkas
  7 ball pythons
  4 bats
  2 frilled lizards
  13 kobolds
  3 rats (D:1)
77 creatures vanquished.

Vanquished Creatures (others)
  4 plants (D:4)
4 creatures vanquished.

Grand Total: 81 creatures vanquished

Notes
Turn   | Place    | Note
-------+----------+-------------------------------------------
     0 | D:1      | qw the Tengu Warper began the quest for the Orb.
     0 | D:1      | Reached XP level 1. HP: 12/12 MP: 4/4
     0 | D:1      | 0 ||| qw: Version: 0.1-a-89-g26bdef1
     0 | D:1      | 0 ||| qw: Game counter: 2598
     0 | D:1      | 0 ||| qw: Always use a shield: true
     0 | D:1      | 0 ||| qw: God list: Okawaru
     0 | D:1      | 0 ||| qw: Allow faded altars: false
     0 | D:1      | 0 ||| qw: Do Orc after D:15 true
     0 | D:1      | 0 ||| qw: Do second Lair branch before Depths: true
     0 | D:1      | 0 ||| qw: Lair rune preference: random
     0 | D:1      | 0 ||| qw: Plans: Normal
     0 | D:1      | 0 ||| PLANNING D:1-11
   196 | D:1      | Found Tiedyf's Magic Scroll Emporium.
   197 | D:1      | 197 ||| Stepping ~*~*~tactically~*~*~ (hiding).
   299 | D:1      | 299 ||| Stepping ~*~*~tactically~*~*~ (hiding).
   380 | D:1      | 380 ||| SHOPLISTING 3 scrolls of identify (72 gold, have
                  | 0).
   380 | D:1      | 380 ||| SHOPLISTING scroll of enchant weapon (90 gold, have
                  | 0).
   380 | D:1      | 380 ||| SHOPLISTING scroll of identify (24 gold, have 0).
   380 | D:1      | 380 ||| SHOPLISTING scroll of teleportation (36 gold, have
                  | 0).
   544 | D:1      | Reached skill level 3 in Axes
   544 | D:1      | Reached XP level 2. HP: 16/17 MP: 6/6
   786 | D:1      | 786 ||| Stepping ~*~*~tactically~*~*~ (stealth).
  1341 | D:1      | Found a faded altar of an unknown god.
  1342 | D:1      | 1342 ||| UPGRADING to +0 ring mail.
  1352 | D:1      | 1352 ||| DROPPING +0 leather armour.
  1353 | D:1      | 1353 ||| READING scroll labelled ZIAH ROYWYOFRYWA.
  1354 | D:1      | 1354 ||| READING scroll labelled IMU TIRUECORA.
  1357 | D:1      | 1357 ||| READING scroll labelled POKKATSO JULYU.
  1358 | D:1      | 1358 ||| READING scroll labelled LOLEUG JYIBO.
  1359 | D:1      | 1359 ||| READING 2 scrolls labelled DOIRGHIU ZUNE.
  1360 | D:1      | 1360 ||| DROPPING scroll of blinking.
  1391 | D:2      | Reached skill level 4 in Axes
  1391 | D:2      | Reached XP level 3. HP: 21/21 MP: 7/7
  1746 | D:2      | 1746 ||| Stepping ~*~*~tactically~*~*~ (stealth).
  1753 | D:2      | 1753 ||| Stepping ~*~*~tactically~*~*~ (stealth).
  1755 | D:2      | 1755 ||| Stepping ~*~*~tactically~*~*~ (stealth).
  1756 | D:2      | 1756 ||| Stepping ~*~*~tactically~*~*~ (stealth).
  1757 | D:2      | 1757 ||| FLEEEEING.
  1758 | D:2      | 1758 ||| FLEEEEING.
  1761 | D:2      | 1761 ||| FLEEEEING.
  1764 | D:2      | 1764 ||| FLEEEEING.
  1767 | D:2      | 1767 ||| Stepping ~*~*~tactically~*~*~ (hiding).
  1775 | D:2      | HP: 4/21 [kobold/+0 spear (4)]
  1821 | D:2      | 1821 ||| Stepping ~*~*~tactically~*~*~ (stealth).
  1884 | D:2      | 1884 ||| Stepping ~*~*~tactically~*~*~ (stealth).
  1885 | D:2      | 1885 ||| Stepping ~*~*~tactically~*~*~ (stealth).
  1886 | D:2      | 1886 ||| Stepping ~*~*~tactically~*~*~ (stealth).
  2173 | D:2      | Reached XP level 4. HP: 9/26 MP: 8/8
  2528 | D:2      | 2528 ||| Stepping ~*~*~tactically~*~*~ (hiding).
  2901 | D:2      | 2901 ||| UPGRADING to +0 chain mail.
  2911 | D:2      | 2911 ||| DROPPING +0 ring mail.
  2912 | D:2      | 2912 ||| DROPPING scarf of invisibility.
  2913 | D:2      | 2913 ||| UPGRADING to ring of protection from cold.
  2914 | D:2      | 2914 ||| READING scroll labelled MOYS WOODGHOR.
  2915 | D:2      | 2915 ||| READING scroll labelled OLUENAJUAS.
  2916 | D:2      | 2916 ||| READING scroll labelled CISULI WAOGOEF.
  2941 | D:3      | Found a basalt altar of Yredelemnul.
  3046 | D:3      | 3046 ||| Stepping ~*~*~tactically~*~*~ (stealth).
  3061 | D:3      | Reached skill level 5 in Axes
  3438 | D:3      | 3438 ||| Stepping ~*~*~tactically~*~*~ (stealth).
  3440 | D:3      | 3440 ||| Stepping ~*~*~tactically~*~*~ (stealth).
  3645 | D:3      | Gained mutation: Your magical nature lets you fly swiftly
                  | and evasively. [Tengu growth]
  3645 | D:3      | Reached XP level 5. HP: 30/30 MP: 9/9
  3651 | D:3      | 3651 ||| Stepping ~*~*~tactically~*~*~ (stealth).
  3655 | D:3      | 3655 ||| Stepping ~*~*~tactically~*~*~ (stealth).
  3665 | D:3      | 3665 ||| Stepping ~*~*~tactically~*~*~ (stealth).
  3690 | D:3      | Found a runed translucent gate.
  3690 | D:3      | Found a runed translucent gate.
  3690 | D:3      | Found a runed translucent gate.
  3830 | D:3      | Noticed qw's ghost (amateur TeWr)
  4036 | D:3      | 4036 ||| READING 5 scrolls labelled FENUHYRUAWK.
  4037 | D:3      | 4037 ||| READING scroll labelled EGGENE VEAF.
  4038 | D:3      | 4038 ||| DRINKING 2 red potions.
  4039 | D:3      | 4039 ||| DROPPING 4 scrolls of immolation.
  4136 | D:4      | Reached skill level 6 in Axes
  4165 | D:4      | Found a runed translucent door.
  4166 | D:4      | Noticed Crazy Yiuf
  4222 | D:4      | Found a transporter.
  4224 | D:4      | Noticed qw's ghost (amateur TeWr)
  4233 | D:4      | Found a transporter.
  4474 | D:4      | 4474 ||| FLEEEEING.
  4475 | D:4      | 4475 ||| FLEEEEING.
  4476 | D:4      | 4476 ||| FLEEEEING.
  4477 | D:4      | 4477 ||| FLEEEEING.
  4478 | D:4      | 4478 ||| FLEEEEING.
  4479 | D:4      | 4479 ||| FLEEEEING.
  4480 | D:4      | 4480 ||| FLEEEEING.
  4481 | D:4      | 4481 ||| FLEEEEING.
  4482 | D:4      | 4482 ||| FLEEEEING.
  4483 | D:4      | 4483 ||| FLEEEEING.
  4484 | D:4      | 4484 ||| FLEEEEING.
  4485 | D:4      | 4485 ||| FLEEEEING.
  4486 | D:4      | 4486 ||| FLEEEEING.
  4487 | D:4      | 4487 ||| FLEEEEING.
  4488 | D:4      | 4488 ||| FLEEEEING.
  4493 | D:4      | Reached XP level 6. HP: 20/35 MP: 10/10
  4495 | D:4      | HP: 7/35 [gnoll/+0 whip (3)]
  4498 | D:4      | HP: 3/35 [gnoll/stone (4)]
  4498 | D:4      | Slain by a gnoll

Levels and vault maps discovered:
D:1:      dpeg_arrival_solitude, layout_basic,
          hellmonk_ecumenical_altar_inner_sanctum, serial_shops, shop_statue
D:2:      layout_loops_ring, chequers_hall_statues_y, minmay_strange_pillars
D:3:      layout_loops_ring, mainiacjoe_overflow_small_starburst,
          gammafunk_ghost_necromancy
D:4:      layout_gridville, gammafunk_ghost_gnarly_gnolls, serial_shops, shop,
          uniq_crazy_yiuf_cottage

Skill      XL: |  1  2  3  4  5 |
---------------+----------------+-----
Axes           | 3 4 5 6 |  6.2
Armour         | 2 |  2.5
Fighting       | |  2.0
Throwing       | |  1.0
Dodging        | |  2.1
Spellcasting   | |  2.0
Translocations | |  2.4

Action                   |  1- 3 |  4- 6 || total
-------------------------+-------+-------++-------
Melee: Hand axe          |    91 |    84 ||   175
       Peck              |    15 |     6 ||    21
       Kick              |    18 |    21 ||    39
       Punch             |       |     2 ||     2
Throw: Boomerang         |     7 |    39 ||    46
  Use: Scroll            |     5 |     5 ||    10
       Potion            |       |     1 ||     1
Armor: Leather armour    |     7 |       ||     7
       Ring mail         |     9 |       ||     9
       Chain mail        |       |    36 ||    36
Dodge: Dodged            |    43 |    23 ||    66

Table legend:
 A = Non-vault XP
 B = Vault XP
 C = Vault XP percentage of total XP
 D = Non-vault monster count
 E = Vault monster count
 F = Vault count percentage of total count
                 A         B        C        D         E       F
            +---------+---------+-------+---------+---------+-------
      Total |     330 |       0 |   0.0 |      77 |       0 |   0.0
            +---------+---------+-------+---------+---------+-------
        D:1 |      32 |       0 |   0.0 |      19 |       0 |   0.0
        D:2 |      66 |       0 |   0.0 |      20 |       0 |   0.0
        D:3 |      90 |       0 |   0.0 |      22 |       0 |   0.0
        D:4 |     142 |       0 |   0.0 |      16 |       0 |   0.0
            +---------+---------+-------+---------+---------+-------
